 Dungeon Crawl Stone Soup version 0.20-a0-501-g0de2c2e (webtiles) character file.

905 nubinia the Grave Robber (level 8, -2/62 HPs)
             Began as a Hill Orc Necromancer on Jan 18, 2017.
             Slain by a phantom (8 damage)
             ... on level 5 of the Dungeon on Jan 19, 2017.
             The game lasted 00:41:58 (6799 turns).

nubinia the Grave Robber (Hill Orc Necromancer)     Turns: 6799, Time: 00:41:58

Health: -2/62      AC:  5    Str: 11    XL:     8   Next: 8%
Magic:  10/13      EV: 11    Int: 15    God:
Gold:   130        SH:  0    Dex:  6    Spells: 2/14 levels left

rFire    + + +     SeeInvis .   y - +0 war axe
rCold    . . .     Gourm    .   v - +1 leather armour of Morality {rElec rPois rF+++ Dex-5} (curse)
rNeg     . . .     Faith    .   (no shield)
rPois    +         Spirit   .   (no helmet)
rElec    +         Reflect  .   (no cloak)
rCorr    .         Harm     .   (no gloves)
MR       .....                  l - +0 pair of boots
Stlth    ++........             (no amulet)
Regen    0.2/turn               x - -2 ring of intelligence (curse)
                                h - ring of flight

@: very slightly contaminated
A: no striking features
a: Evoke Flight


You were on level 5 of the Dungeon.
You were hungry.

You visited 1 branch of the dungeon, and saw 5 of its levels.
You also visited: Sewer.

You collected 130 gold pieces.

Inventory:

Hand Weapons
 d - a +1 club
 y - a +0 war axe (weapon)
Armour
 a - a +1 robe
 l - a +0 pair of boots (worn)
 v - the cursed +1 leather armour of Morality (worn) {rElec rPois rF+++ Dex-5}
   (You found it on level 4 of the Dungeon)

   It affects your dexterity (-5).
   It renders you almost immune to fire.
   It insulates you from electricity.
   It protects you from poison.
   It has a curse placed upon it.
Jewellery
 h - a ring of flight (left hand)
 x - a cursed -2 ring of intelligence (right hand)
Scrolls
 f - 2 scrolls of immolation {unknown}
 p - a scroll of enchant armour
 r - 2 scrolls of enchant weapon
 t - 2 scrolls of teleportation
 w - a scroll of amnesia
Potions
 e - 4 potions of curing
 g - 2 potions of heal wounds {unknown}
 i - a potion of mutation {unknown}
 m - a potion of lignification {unknown}
 o - a potion of invisibility {unknown}
 q - a potion of brilliance
 s - a potion of haste {unknown}
 u - a potion of flight {unknown}
Books
 b - a book of Necromancy

   Spells                             Type                      Level
   a - Pain                           Necromancy                   1
   b - Animate Skeleton               Necromancy                   1
   c - Vampiric Draining              Necromancy                   3
   d - Regeneration                   Charms/Necromancy            3
   e - Animate Dead                   Necromancy                   4
   f - Control Undead                 Necromancy                   4
Comestibles
 c - 4 bread rations
 j - a slice of pizza
 k - 3 beef jerkies
 n - a meat ration
 z - 2 chunks of flesh


   Skills:
 + Level 2.7 Fighting
 + Level 3.5 Maces & Flails
 * Level 2.2 Armour
 + Level 2.9 Dodging
 + Level 2.8 Stealth
 + Level 3.5 Spellcasting
 + Level 6.0 Necromancy


You had 2 spell levels left.
You knew the following spells:

 Your Spells              Type           Power        Failure   Level  Hunger
a - Pain                  Necr           ###.         2%          1    None
b - Vampiric Draining     Necr           ###.......   10%         3    ###....
c - Control Undead        Necr           ###.......   24%         4    ####...
d - Regeneration          Chrm/Necr      ##........   24%         3    ###....
S - Animate Skeleton      Necr           N/A          2%          1    None


Dungeon Overview and Level Annotations

Branches:
Dungeon (5/15)             Temple (0/1) D:5

Altars:
Elyvilon
Makhleb
Okawaru
Ru
Uskayaw
Zin

Shops:
D:4 [

Annotations:
D:3 Grinder; Shenda's ghost, amateur FoFi


Message History

The phantom is severely damaged.
The phantom hits you.
* * * LOW HITPOINT WARNING * * *
You miss the phantom.
The phantom is severely damaged.
The phantom barely misses you. The phantom hits you.
* * * LOW HITPOINT WARNING * * *
You hit the phantom.
The phantom is severely damaged.
The phantom closely misses you.
You hit the phantom.
The phantom is severely damaged.
The phantom hits you but does no damage.
You closely miss the phantom.
The phantom is severely damaged.
The phantom closely misses you. The phantom barely misses you.
You hit the phantom.
The phantom is severely damaged.
The phantom hits you!
You die...

#.......###..#######
#_.#
###..............?.#
#..##
##.#............#
##..#
###........≈≈..#
##.#
##.......≈..≈.## #..
##≈...≈≈..≈..≈≈≈##
##.
#≈≈..≈..≈..≈..≈≈≈#
#.
#≈≈..≈..≈⌠.≈...≈≈#
##
#≈≈...≈.⌠≈.@≈..≈≈# #
#≈≈≈..≈..≈.W≈..≈≈# #
##≈≈≈..≈..≈≈...≈##
##.≈..≈.......##
#..≈≈........#
##............#
#..............
#####.#..#######
####...## #


You could see a phantom.

Vanquished Creatures
  A centaur (D:5)
  2 ogres
  A bullfrog (Sewer)
  A scorpion (D:4)
  3 hounds
  An orc wizard (D:4)
  An iguana (D:4)
  2 worker ants (D:4)
  10 adders
  A river rat (D:4)
  7 oozes
  A worm (D:4)
  4 dart slugs
  7 leopard geckos
  5 orcs
  14 bats
  10 giant cockroaches
  5 goblins
  7 hobgoblins
  8 jackals
  A quokka (D:5)
  11 ball pythons
  16 frilled lizards
  6 kobolds
  8 rats
133 creatures vanquished.

Vanquished Creatures (collateral kills)
  A hound (D:4)
  A bullfrog skeleton (D:4)
  A worker ant (D:5)
  3 adders
  4 oozes (Sewer)
  A worm (D:2)
  4 leopard geckos (Sewer)
  An orc (D:4)
  2 bats (D:3)
  A giant cockroach (Sewer)
  A quokka (D:2)
  2 ball pythons (Sewer)
  2 frilled lizards
  2 goblins (D:1)
  A jackal zombie (D:5)
  A kobold (D:1)
28 creatures vanquished.

Grand Total: 161 creatures vanquished

Notes
Turn   | Place    | Note
-------+----------+-------------------------------------------
     0 | D:1      | nubinia the Hill Orc Necromancer began the quest for the Orb.
     0 | D:1      | Reached XP level 1. HP: 14/14 MP: 3/3
   314 | D:1      | Reached XP level 2. HP: 17/20 MP: 0/4
   317 | D:1      | Learned a level 1 spell: Animate Skeleton
   708 | D:1      | Reached XP level 3. HP: 26/26 MP: 5/5
   716 | D:1      | Learned a level 3 spell: Vampiric Draining
  1657 | D:2      | Found a hide-covered altar of Uskayaw.
  1693 | D:2      | Found a burning altar of Makhleb.
  1713 | D:2      | Found a glowing silver altar of Zin.
  1713 | D:2      | Noticed an angel
  1714 | D:2      | Noticed a green death
  1726 | D:2      | Reached XP level 4. HP: 26/33 MP: 2/6
  2277 | D:2      | Reached skill level 5 in Necromancy
  2514 | D:3      | Reached skill level 1 in Maces & Flails
  2517 | D:3      | Noticed Shenda's ghost (amateur FoFi)
  2611 | D:2      | Upgraded the game from 0.20-a0-495-g2241292 to 0.20-a0-501-g0de2c2e
  2677 | D:3      | Noticed Grinder
  2784 | D:3      | Reached XP level 5. HP: 39/39 MP: 6/8
  3065 | D:4      | Found an iron altar of Okawaru.
  3171 | D:4      | Found a glowing drain.
  3442 | Sewer    | Entered a sewer
  3875 | Sewer    | Reached XP level 6. HP: 44/46 MP: 7/10
  3881 | Sewer    | Learned a level 4 spell: Control Undead
  4280 | Sewer    | Reached skill level 1 in Fighting
  4362 | D:4      | Found Okeusel's Antique Armour Shoppe.
  4572 | D:4      | Reached XP level 7. HP: 43/52 MP: 7/11
  5374 | D:4      | Learned a level 3 spell: Regeneration
  5447 | D:4      | Got an ichor-stained leather armour
  5458 | D:4      | Identified the cursed +1 leather armour of Morality {rElec rPois rF+++ Dex-5} (You found it on level 4 of the Dungeon)
  5766 | D:4      | Found a white marble altar of Elyvilon.
  5883 | D:5      | Entered Level 5 of the Dungeon
  6138 | D:5      | Reached skill level 1 in Armour
  6487 | D:5      | Found a sacrificial altar of Ru.
  6521 | D:5      | Reached XP level 8. HP: 56/62 MP: 9/13
  6702 | D:5      | Reached skill level 6 in Necromancy
  6714 | D:5      | Found a staircase to the Ecumenical Temple.
  6799 | D:5      | Slain by a phantom

Vault maps used:
D:1:      shiori_arrival_oz, serial_forest, infiniplex_forest_end_2,
          infiniplex_forest_clump_cross, infiniplex_forest_clump_diagonal,
          infiniplex_forest_clump_medium, infiniplex_forest_clump_curved,
          infiniplex_forest_lined_4_way, infiniplex_forest_lined_room_2,
          minmay_misc_feat_room
D:2:      grunt_temple_overflow_order_and_chaos_2, lemuel_doored_altar
D:3:      kennysheep_slug_shrine, minmay_liquid_box, kennysheep_cross_room,
          minmay_misc_feat_encased, uniq_grinder
D:4:      kennysheep_little_box, lemuel_round_altar, portal_sewer_entry_a,
          first_bread, serial_shops, shop, minivault_4
D:5:      cheibrodos_helix_gallery, overflow_temple_1_default,
          old_standard_altar, minmay_misc_feat_doors, minmay_tree_intersection
Sewer:    sewer_frog_island_02

Skill      XL: |  1  2  3  4  5  6  7  8 |
---------------+-------------------------+-----
Dodging        | 2 |  2.9
Necromancy     | 5 6 |  6.0
Spellcasting   | 2 3 |  3.5
Maces & Flails | 1 2 3 |  3.5
Stealth        | 2 |  2.8
Fighting       | 1 2 |  2.7
Armour         | 2 |  2.2

Action                   |  1- 3 |  4- 6 |  7- 9 || total
-------------------------+-------+-------+-------++-------
Melee: Club              |   112 |   257 |   106 ||   475
       Unarmed           |     1 |       |       ||     1
       War axe           |       |       |    42 ||    42
 Cast: Pain              |    14 |    35 |       ||    49
       Animate Skeleton  |    19 |    40 |    10 ||    69
       Vampiric Draining |     2 |    19 |    22 ||    43
       Regeneration      |       |       |     1 ||     1
  Use: Scroll            |     4 |     4 |       ||     8
       Potion            |       |       |     1 ||     1
 Stab: Sleeping          |     3 |     4 |     3 ||    10
       Distracted        |     1 |     4 |       ||     5
  Eat: Chunk             |     4 |    12 |     8 ||    24
       Pizza             |       |       |     1 ||     1
Armor: Robe              |    42 |   117 |    11 ||   170
       Leather armour    |       |       |    28 ||    28
Dodge: Dodged            |    86 |   248 |   114 ||   448
